 Dungeon Crawl Stone Soup version 0.25-a0-774-g40ae2d4f90 (webtiles) character file.

Game seed: 1143286018010421573, levelgen mode: classic

380 DildoBatman the Conjurer (level 7, -2/48 HPs)
             Began as a Formicid Wizard on June 6, 2019.
             Killed from afar by a steam dragon (13 damage)
             ... with a ball of steam
             ... on level 6 of the Dungeon on Apr 14, 2020.
             The game lasted 00:34:58 (4116 turns).

DildoBatman the Conjurer (Formicid Wizard)          Turns: 4116, Time: 00:34:59

Health: -2/48      AC:  3    Str: 11    XL:     7   Next: 5%
Magic:  1/11       EV: 12    Int: 20    God:
Gold:   370        SH:  0    Dex:  9    Spells: 5/12 levels left

rFire    . . .     SeeInvis +   a - +10 battleaxe of the Seven Gods {holy, MR+}
rCold    . . .     Gourm    .   (no shield)
rNeg     . . .     Faith    .   l - +0 robe
rPois    .         Spirit   .   (helmet unavailable)
rElec    .         Reflect  .   d - +0 cloak
rCorr    .         Harm     .   (no gloves)
MR       +....                  (no boots)
Stlth    ++........             (no amulet)
HPRegen  0.16/turn              (no ring)
MPRegen  0.12/turn              (no ring)

@: very slightly contaminated
A: permanent stasis, dig shafts and tunnels, four strong arms, antennae 3
a: Dig, Shaft Self


You were on level 6 of the Dungeon.
You were near starving.

You visited 1 branch of the dungeon, and saw 6 of its levels.

You collected 370 gold pieces.

Inventory:

Hand Weapons
 a - the +10 battleaxe of the Seven Gods (weapon) {holy, MR+}
   (You found it on level 4 of the Dungeon)

   It has been blessed by the Shining One to cause great damage to the undead
   and demons.
   It affects your resistance to hostile enchantments.
 b - a +0 hunting sling
Missiles
 e - 75 sling bullets
 f - 155 stones (quivered)
 g - 32 bolts
 h - 20 poisoned darts
 m - 66 arrows
 B - 7 silver boomerangs
Armour
 d - a +0 cloak (worn)
 l - a +0 robe (worn)
 p - a +0 buckler
Scrolls
 c - a scroll of enchant weapon {unknown}
 i - 3 scrolls of immolation
 o - 4 scrolls of enchant armour
 w - a scroll of teleportation {unknown}
 x - 2 scrolls of remove curse
 y - 4 scrolls of amnesia
Potions
 j - a potion of cancellation {unknown}
 k - a potion of degeneration {unknown}
 n - a potion of heal wounds {unknown}
 r - a potion of berserk rage {unknown}
 s - a potion of brilliance {unknown}
 t - 2 potions of curing
 u - a potion of magic {unknown}
 A - a potion of haste {unknown}
Comestibles
 v - 9 rations


   Skills:
 - Level 1.2 Fighting
   Level 1.1 Short Blades
   Level 0.2 Maces & Flails
 - Level 1.7 Dodging
 - Level 2.4 Stealth
 - Level 3.2 Spellcasting
 * Level 5.6 Conjurations
   Level 1.0 Summonings
   Level 0.8 Translocations
 * Level 0.4 Fire Magic
 * Level 0.3 Air Magic


You had 5 spell levels left.
You knew the following spells:

 Your Spells              Type           Power        Failure   Level  Hunger
a - Conjure Flame         Conj/Fire      ###.....     12%         3    ###....
c - Magic Dart            Conj           ####         1%          1    None
e - Mephitic Cloud        Conj/Pois/Air  ##......     19%         3    ###....

Your spell library contained the following spells:

 Spells                   Type           Power        Failure   Level  Hunger
 Call Imp                 Summ           #.......     14%         2    ##.....
 Slow                     Hex            #.......     22%         2    ##.....
 Blink                    Tloc           Unusable     N/A         2    N/A

Dungeon Overview and Level Annotations

Branches:
Dungeon (6/15)
 Temple: D:4-7

Altars:
Cheibriados
Qazlal
Sif Muna
Vehumet
The Shining One

Annotations:
D:3 1 exclusion
D:4 exclusion: 3 sensed monsters (detected), Grinder
D:5 1 runed translucent door, Crazy Yiuf


Innate Abilities, Weirdness & Mutations

You cannot be hasted, slowed, berserked, paralysed or teleported.
You can dig through walls and to a lower floor.
Your four strong arms can wield two-handed weapons with a shield.
You have a pair of large antennae on your head. (SInv)


Message History

Confirm with . or Enter, or press ? or * to list all spells.
Aiming: Mephitic Cloud (slightly dangerous; 19% risk of failure)
Press: ? - help, Shift-Dir - straight line, f/p - steam dragon
Aim: a steam dragon (lightly wounded, catching its breath) That beam is likely to hit you.
Continue anyway?
You miscast Mephitic Cloud.
You are very lightly contaminated with residual magic.
Nothing appears to happen.
The steam dragon bites you. The steam dragon claws you.
You dig through the rock wall.
You are near starving!
You dig through the rock wall.
The steam dragon bites you! The steam dragon claws you.
You dig through the rock wall.
You retract your mandibles.
The steam dragon breathes steam at you. The ball of steam hits you!
You die...

................#
..#####.#.....#.#
>.......#####.#.#
..##.......##.#.#
........#..##.#.#
........#.....#.#
..#.....#######.#
. #.............#
#############@##
##≈≈≈≈#####.§##
#.D.?.≈≈≈##.#D#
#.D.≈≈#..##
#..8.{#.##
#.....#.#
##...##.#
##.##..# #.....##


You could see a steam dragon.

Vanquished Creatures
  An ogre (D:4)
  A scorpion (D:4)
  A bullfrog skeleton (D:4)
  2 worker ants (D:4)
  2 howler monkey skeletons
  5 adders
  A shadow imp (D:6)
  2 oozes
  An adder skeleton (D:6)
  2 worms
  2 leopard geckos
  6 orcs
  6 bats
  3 giant cockroaches
  7 goblins
  6 hobgoblins
  11 jackals
  A quokka (D:3)
  5 frilled lizards
  A jackal skeleton (D:4)
  3 kobolds
  7 rats
76 creatures vanquished.

Notes
Turn   | Place    | Note
-------+----------+-------------------------------------------
     0 | D:1      | DildoBatman the Formicid Wizard began the quest for the
                  | Orb.
     0 | D:1      | Reached XP level 1. HP: 13/13 MP: 4/4
     0 | D:1      | Upgraded the game from 0.24-a0-411-g4df2b1290f to
                  | 0.25-a0-734-g73332aeda9
   197 | D:1      | Upgraded the game from 0.25-a0-734-g73332aeda9 to
                  | 0.25-a0-774-g40ae2d4f90
   215 | D:1      | Reached skill level 1 in Conjurations
   379 | D:1      | Reached XP level 2. HP: 19/19 MP: 3/6
   866 | D:1      | Found a glowing golden altar of the Shining One.
   962 | D:1      | Reached skill level 2 in Conjurations
  1054 | D:2      | Found a radiant altar of Vehumet.
  1165 | D:2      | Reached XP level 3. HP: 19/25 MP: 7/7
  1170 | D:2      | Learned a level 3 spell: Conjure Flame
  1174 | D:2      | Learned a level 3 spell: Mephitic Cloud
  1461 | D:2      | Reached skill level 1 in Fighting
  1480 | D:2      | Reached XP level 4. HP: 16/32 MP: 2/8
  1731 | D:2      | Found a snail-covered altar of Cheibriados.
  1842 | D:2      | Reached skill level 3 in Conjurations
  2237 | D:3      | Reached skill level 1 in Short Blades
  2642 | D:4      | Reached XP level 5. HP: 37/37 MP: 9/9
  2930 | D:4      | Got a warped battleaxe
  2931 | D:4      | Identified the +10 battleaxe of the Seven Gods {holy, MR+}
                  | (You found it on level 4 of the Dungeon)
  2990 | D:4      | Reached skill level 4 in Conjurations
  2995 | D:4      | Noticed Grinder
  3054 | D:4      | Noticed a phantom
  3232 | D:4      | Found a stormy altar of Qazlal.
  3232 | D:4      | Found a shimmering blue altar of Sif Muna.
  3300 | D:4      | Reached XP level 6. HP: 43/43 MP: 6/10
  3462 | D:4      | Noticed an ogre
  3510 | D:4      | Killed an ogre
  3510 | D:4      | Reached skill level 5 in Conjurations
  3840 | D:5      | Entered Level 5 of the Dungeon
  3897 | D:5      | Found a runed translucent door.
  3898 | D:5      | Noticed Crazy Yiuf
  4010 | D:6      | Reached XP level 7. HP: 48/48 MP: 11/11
  4094 | D:6      | Noticed a steam dragon
  4094 | D:6      | Noticed a steam dragon
  4116 | D:6      | Killed from afar by a steam dragon

Levels and vault maps discovered:
D:1:      saegor_arrival_simple_e, layout_basic, tso_altar
D:2:      layout_rooms, vehumet_crystals, old_standard_altar
D:3:      layout_rooms, serial_curves, eino_curves_04, eino_curves_03,
          minmay_close_crescents
D:4:      layout_rooms, gammafunk_temple_overflow_wave, first_ration,
          hangedman_abyss_or_decor_passed, minmay_pentomino_pile, uniq_grinder
D:5:      layout_loops_ring, minmay_holes, grunt_gozag_breadcrumbs,
          uniq_crazy_yiuf_cottage, uniq_ijyb
D:6:      cheibrodos_steamvent, layout_basic

Skill      XL: |  1  2  3  4  5  6 |
---------------+-------------------+-----
Conjurations   | 1 2 3 4 5 |  5.6
Fighting       | 1 |  1.2
Short Blades   | 1 |  1.1
Maces & Flails | |  0.2
Dodging        | |  1.7
Stealth        | |  2.4
Spellcasting   | |  3.2
Summonings     | |  1.0
Translocations | |  0.8
Fire Magic     | |  0.4
Air Magic      | |  0.3

Action                   |  1- 3 |  4- 6 |  7- 9 || total
-------------------------+-------+-------+-------++-------
Melee: Club              |    22 |       |       ||    22
       Dagger            |    36 |    51 |       ||    87
       Battleaxe         |       |    16 |     5 ||    21
 Fire: Hunting sling     |       |    24 |       ||    24
 Cast: Magic Dart        |    61 |    52 |       ||   113
       Conjure Flame     |       |     7 |       ||     7
       Mephitic Cloud    |       |     4 |     3 ||     7
 Abil: Dig               |     2 |     1 |     1 ||     4
  Use: Scroll            |       |     8 |       ||     8
       Potion            |       |     1 |       ||     1
 Stab: Sleeping          |       |     1 |       ||     1
  Eat: Chunk             |     2 |     8 |       ||    10
Armor: Robe              |    12 |     8 |       ||    20
Dodge: Dodged            |    50 |    37 |     4 ||    91

Table legend:
 A = Non-vault XP
 B = Vault XP
 C = Vault XP percentage of total XP
 D = Non-vault monster count
 E = Vault monster count
 F = Vault count percentage of total count
                 A         B        C        D         E       F
            +---------+---------+-------+---------+---------+-------
      Total |     489 |      55 |  10.1 |      73 |       3 |   3.9
            +---------+---------+-------+---------+---------+-------
        D:1 |      19 |       0 |   0.0 |      11 |       0 |   0.0
        D:2 |      69 |       0 |   0.0 |      30 |       0 |   0.0
        D:3 |      32 |      16 |  33.3 |      14 |       2 |  12.5
        D:4 |     318 |      39 |  10.9 |      12 |       1 |   7.7
        D:5 |      22 |       0 |   0.0 |       3 |       0 |   0.0
        D:6 |      29 |       0 |   0.0 |       3 |       0 |   0.0
            +---------+---------+-------+---------+---------+-------
